 Dungeon Crawl Stone Soup version bcrawl-1.21 (webtiles) character file.

Game seed: 3722780465412976886

4242 MisterOstroum the Frost Mage (level 10, -5/71 HPs)
             Began as a Fairy Transmuter on Feb 15, 2020.
             Was a Believer of Sif Muna.
             Slain by a manticore (20 damage)
             ... on level 7 of the Dungeon.
             The game lasted 00:15:44 (8166 turns).

MisterOstroum the Frost Mage (Fairy Transmuter)     Turns: 8166, Time: 00:15:45

Health: -5/71      AC:  2    Str: 10    XL:     10   Next: 30%
Magic:  0/16       EV: 23    Int: 18    God:    Sif Muna [**....]
Gold:   299        SH:  6    Dex: 18    Spells: 2/14 levels left

rFire    . . .     SeeInvis .     - Unarmed
rCold    . . .     Gourm    .   (shield currently unavailable)
rNeg     . . .     Faith    .   (armour unavailable)
rPois    x         Spirit   +   (helmet currently unavailable)
rElec    .         Reflect  .   (cloak currently unavailable)
rCorr    .         Harm     .   (gloves currently unavailable)
MR       ++...                  (boots currently unavailable)
Stlth    +.........             t - amulet of guardian spirit
HPRegen  0.21/turn              p - ring of protection from magic
MPRegen  0.15/turn              (no ring)

@: spider-form, flying evasively
A: tiny, magic attunement, unstealthy, unfitting armour, AC/SH +6
a: End Transformation, Divine Energy, Renounce Religion


You were on level 7 of the Dungeon.
You worshipped Sif Muna.
Sif Muna was pleased with you.
You were very hungry.
You were a venomous arachnid creature.
You visited 2 branches of the dungeon, and saw 8 of its levels.

You collected 519 gold pieces.
You spent 220 gold pieces at shops.

Inventory:

Hand Weapons
 o - a +0 hunting sling
 A - the +7 flail "Zaamohes" {crush, rC+ MR+ Dex+4, unknown}
   (You found it on level 4 of the Dungeon)

   It inflicts extra damage upon your enemies.
   It affects your dexterity (+4).
   It protects you from cold.
   It affects your resistance to hostile enchantments.
Missiles
 a - 1014 arrows
 b - 1133 stones (quivered)
 d - 52 poisoned tomahawks
 g - 707 sling bullets
Armour
 q - a +0 pair of gloves (melded)
 C - a +0 shield
 E - a +0 helmet
 H - a +2 hat
Jewellery
 p - a ring of protection from magic (left front leg)
 t - an amulet of guardian spirit (around neck)
 z - an uncursed amulet of the acrobat
 D - a +1 ring of slaying {unknown}
 F - an uncursed ring of wizardry {unknown}
 G - an uncursed ring of magical power {unknown}
Scrolls
 f - 2 scrolls of noise
 h - 2 scrolls of teleportation {unknown}
 j - 2 scrolls of enchant weapon {unknown}
 k - a scroll of acquirement {unknown}
 m - a scroll of fog {unknown}
 r - 2 scrolls of amnesia {unknown}
 w - 2 scrolls of remove curse {unknown}
 y - a scroll of immolation {unknown}
 B - 2 scrolls of fear {unknown}
 K - a scroll of magic mapping {unknown}
 L - a scroll of identify {@r1}
Potions
 c - a potion of lignification {@q6}
 i - 3 potions of cancellation
 l - a potion of invisibility {unknown}
 n - 3 potions of curing {@q1 !q}
 s - a potion of berserk rage {unknown}
 u - a potion of flight
 v - 3 potions of mutation
 x - a potion of heal wounds {@q2 !q}
 I - a potion of resistance {unknown}
 J - a potion of degeneration {unknown}
Comestibles
 e - 14 rations {!d}


   Skills:
 * Level 7.1 Fighting
 + Level 3.4 Dodging
 - Level 0.8 Stealth
 * Level 7.1 Unarmed Combat
 - Level 2.6 Spellcasting
 + Level 6.3 Transmutations
 * Level 8.2 Ice Magic
 - Level 4.1 Poison Magic


You had 2 spell levels left.
You knew the following spells:

 Your Spells              Type           Power        Failure   Level  Hunger
a - Beastly Appendage     Tmut           ####..       6%          1    None
b - Sticks to Snakes      Tmut           ####....     8%          2    None
c - Spider Form           Tmut/Pois      ###          17%         3    None
d - Ice Form              Ice/Tmut       ####....     22%         4    None
B - Blink                 Tloc           N/A          47%         2    None

Your spell library contained the following spells:

 Spells                   Type           Power        Failure   Level  Hunger
 Magic Dart               Conj           #...         36%         1    None
 Call Imp                 Summ           #.....       47%         2    None
 Mephitic Cloud           Conj/Pois/Air  #.......     50%         3    None
 Blade Hands              Tmut           ####......   56%         5    None
 Conjure Flame            Conj/Fire      #.......     67%         3    None
 Dazzling Spray           Conj/Hex       #.....       67%         3    None
 Lightning Bolt           Conj/Air       #.........   100%        5    None
 Poison Arrow             Conj/Pois      #.........   100%        6    None
 Orb of Destruction       Conj           #.........   100%        7    None


Dungeon Overview and Level Annotations

Branches:
Dungeon (7/12)             Temple (1/1) D:5
   Lair: D:7-9

Altars:
Cheibriados
Dithmenos
Elyvilon
Gozag
Kikubaaqudgha
Lugonu
Nemelex Xobeh
Qazlal
Ru
Sif Muna
Trog
Uskayaw
Vehumet
Xom
Yredelemnul
Zin
The Shining One

Shops:
D:6 :

Annotations:
D:5 1 runed door
D:6 exclusions: worker ant and 14 more exclusions


Innate Abilities, Weirdness & Mutations

Your spells do not cause hunger and MP costs are reduced by 1.
Your bright wings attract enemies. (Stealth-)
You cannot fit into any form of body armour.
((Your shimmering scales are hard and can block incoming attacks. (AC +6, SH +6)))
You are small and have problems with some larger weapons.
((You can fly continuously.))


Message History

You punch the gnoll! You freeze the gnoll.
You kill the gnoll!
Sif Muna accepts your kill.
No target in view!
No target in view!
No target in view!
v - 3 potions of mutation (gained 1)
You see here a +0 club.
Found an escape hatch in the floor.
Found a radiant altar of Vehumet.
There is an open door here.
There is an open door here.
Found a spear.
You see here a spear.
An orc comes into view. It is wielding a +0 club.
An orc warrior comes into view. It is wielding a +0 hand axe.
An orc comes into view. It is wielding a +0 war axe.
There are monsters nearby!
The orc warrior shouts!
The orc shouts! x2
There is an open door here.
You punch the orc warrior! You freeze the orc warrior!
The orc warrior is severely wounded.
You hit the orc warrior but do no damage.
The orc warrior is severely wounded.
You block the orc warrior's attack.
You punch the orc warrior! You freeze the orc warrior.
You kill the orc warrior!
Sif Muna accepts your kill.
You completely miss the orc. The orc hits you with a +0 club.
You hit the orc. You freeze the orc.
The orc is heavily wounded.
You punch the orc! You freeze the orc.
You kill the orc!
Sif Muna accepts your kill.
You pummel the orc!! You freeze the orc.
You kill the orc!
Sif Muna accepts your kill.
No target in view!
No target in view!
No target in view!
No target in view!
No target in view!
No target in view!
No target in view!
No target in view!
No target in view!
No target in view!
No target in view!
No target in view!
No target in view!
Items here: ))) [[[
There is an open door here.
You see here a +0 flail.
The manticore is too close now for your liking.
A manticore is nearby!
A manticore is nearby!
A manticore is nearby!
Casting: Ice Form (safe; 9% risk of failure)
Confirm with . or Enter, or press ? or * to list all spells.
You warm up again.
Your +0 pair of gloves unmelds from your body.
You turn into a venomous arachnid creature.
Your +0 pair of gloves melds into your body.
The manticore flicks its tail.
The volley of spikes misses you.
You block the manticore's attack. x2; The manticore completely misses you.
You hit the manticore but do no damage.
The manticore is poisoned.
The manticore closely misses you. The manticore claws you.
The manticore claws you!
You hit the manticore but do no damage.
The manticore looks more poisoned.
The manticore is lightly wounded.
You block the manticore's attack. The manticore misses you.
The manticore claws you.
You hit the manticore.
The manticore is lightly wounded.
You hit the manticore but do no damage.
The manticore looks more poisoned.
The manticore is moderately wounded.
The manticore barely misses you. The manticore misses you.
The manticore claws you!
You hit the manticore.
The manticore looks more poisoned.
The manticore is moderately wounded.
The manticore closely misses you. The manticore claws you.
The manticore claws you!
You hit the manticore.
The manticore looks more poisoned.
The manticore is moderately wounded.
The manticore bites you!!
* * * LOW HITPOINT WARNING * * *
The manticore closely misses you. The manticore claws you.
* * * LOW HITPOINT WARNING * * *
You aren't carrying any items that you can evoke.
Unknown command.
Okay, then.
Okay, then.
Unknown command.
Okay, then.
Unknown command.
You bite the manticore!
The manticore looks more poisoned.
The manticore is heavily wounded.
The manticore bites you!!
You die...

###)# #.))# #####
#####)##############...########
#.....)............'...)...)...
#.#.#.##..#.###.#.##...#.###.#'
[......#..#.......##...#.# #...
#>.......................# #...
.....#..#..#.)...####.)######...
###.####......)Hs.............#..
#+ #....##.#########.####.###'
....##.##.#....##...).##.# #.
.##. #.##.#.##.##.##)....# #. #.
#....#.##.##.##..#### #. ##
#.####.##....###.# #. ##
#.####### #.## #. #.# #..# #.
#.####### ##.## #.


You could see a manticore.

Vanquished Creatures
  A centaur skeleton (D:7)
  A troll (D:6)
  A hippogriff (D:6)
  A water moccasin (D:6)
  3 orc warriors (D:7)
  2 ice beasts
  A phantom (D:7)
  A sky beast (D:7)
  4 ogres
  A necrophage (D:7)
  3 centaurs
  A bullfrog (D:7)
  2 gnoll sergeants
  A wyvern skeleton (D:6)
  3 scorpions
  4 killer bees (D:7)
  5 wights (D:7)
  2 jellies (D:6)
  5 howler monkeys
  2 bullfrog zombies
  3 crimson imps
  A centaur zombie (D:5)
  2 orc priests
  2 hounds (D:4)
  2 bullfrog skeletons
  7 orc wizards
  Terence (D:2)
  9 worker ants
  A worker ant zombie (D:5)
  6 gnolls (D:7)
  13 adders
  2 adder zombies (D:7)
  3 adder skeletons
  2 worms (D:2)
  3 dart slugs
  2 leopard geckos
  14 orcs
  2 ball pythons
  5 giant cockroaches
  5 goblins
  10 hobgoblins
  6 jackals (D:1)
  7 kobolds
  A quokka (D:2)
  11 bats
  9 frilled lizards
  A quokka skeleton (D:4)
  10 rats
184 creatures vanquished.

Vanquished Creatures (collateral kills)
  A kobold (D:1)
1 creature vanquished.

Grand Total: 185 creatures vanquished

Notes
Turn   | Place    | Note
-------+----------+-------------------------------------------
     0 | D:1      | MisterOstroum the Fairy Transmuter began the quest for the
                  | Orb.
     0 | D:1      | Reached XP level 1. HP: 12/12 MP: 6/6
    49 | D:1      | Reached skill level 1 in Fighting
   152 | D:1      | Reached XP level 2. HP: 13/18 MP: 7/7
   156 | D:1      | Learned a level 2 spell: Sticks to Snakes
   712 | D:1      | Reached XP level 3. HP: 14/24 MP: 7/9
   719 | D:1      | Learned a level 3 spell: Spider Form
  1303 | D:2      | Reached skill level 1 in Poison Magic
  1395 | D:2      | Found a stormy altar of Qazlal.
  1549 | D:2      | Noticed Terence
  1570 | D:2      | Killed Terence
  1570 | D:2      | Reached XP level 4. HP: 21/29 MP: 6/10
  1928 | D:2      | Reached XP level 5. HP: 35/35 MP: 11/11
  2308 | D:3      | Noticed a +0 hand axe
  2308 | D:3      | Noticed a +0 dagger
  2315 | D:3      | Found a hide-covered altar of Uskayaw.
  2648 | D:3      | Found an opulent altar of Gozag.
  2648 | D:3      | Found a sparkling altar of Nemelex Xobeh.
  3223 | D:4      | Reached XP level 6. HP: 18/42 MP: 3/12
  3506 | D:4      | Learned a level 4 spell: Ice Form
  3571 | D:4      | Reached skill level 1 in Ice Magic
  3584 | D:4      | Found a glowing silver altar of Zin.
  3734 | D:4      | Reached XP level 7. HP: 46/46 MP: 13/13
  3831 | D:4      | Got a polished flail
  3993 | D:4      | Reached skill level 2 in Ice Magic
  4215 | D:5      | Entered Level 5 of the Dungeon
  4496 | D:5      | Found a staircase to the Ecumenical Temple.
  4504 | Temple   | Entered the Ecumenical Temple
  4584 | Temple   | Became a worshipper of Sif Muna the Loreminder
  4846 | D:5      | Found a runed door.
  5071 | D:5      | Reached skill level 3 in Ice Magic
  5131 | D:5      | Reached XP level 8. HP: 24/54 MP: 10/14
  5288 | D:6      | Noticed a troll
  5340 | D:6      | Noticed a cyclops
  5444 | D:6      | Reached skill level 4 in Ice Magic
  5630 | D:6      | Reached * piety under Sif Muna
  5655 | D:6      | Reached skill level 5 in Unarmed Combat
  5680 | D:6      | Found an ancient bone altar of Kikubaaqudgha.
  5681 | D:6      | Found a snail-covered altar of Cheibriados.
  5715 | D:6      | Killed a troll
  5715 | D:6      | Reached skill level 5 in Fighting
  5715 | D:6      | Reached skill level 5 in Transmutations
  5715 | D:6      | Reached skill level 5 in Ice Magic
  5864 | D:6      | Found Zeyg's Book Shop.
  5868 | D:6      | Bought a book of Minor Magic for 220 gold pieces
  5871 | D:6      | Learned a level 2 spell: Blink
  5886 | D:6      | Reached XP level 9. HP: 44/61 MP: 10/15
  6359 | D:6      | Identified Sif Muna's Catalogue of Arcane Weapons and
                  | Weightlessness (Sif Muna gifted it to you on level 6 of the
                  | Dungeon)
  6359 | D:6      | Received a gift from Sif Muna
  6576 | D:7      | Reached skill level 6 in Ice Magic
  7035 | D:7      | Reached skill level 7 in Ice Magic
  7336 | D:7      | Reached XP level 10. HP: 57/69 MP: 12/16
  7450 | D:7      | Reached ** piety under Sif Muna
  7553 | D:7      | Noticed a manticore
  7716 | D:7      | Reached skill level 8 in Ice Magic
  8069 | D:7      | Found a radiant altar of Vehumet.
  8166 | D:7      | Slain by a manticore

Skill      XL: |  1  2  3  4  5  6  7  8  9 10 |
---------------+-------------------------------+-----
Fighting       | 1 2 3 4 5 6 7 |  7.1
Unarmed Combat | 3 4 5 6 7 |  7.1
Poison Magic   | 1 2 3 4 |  4.1
Transmutations | 3 4 5 6 |  6.3
Ice Magic      | 1 3 5 7 8 |  8.2
Dodging        | 3 |  3.4
Stealth        | |  0.8
Spellcasting   | |  2.6

Action                   |  1- 3 |  4- 6 |  7- 9 | 10-12 || total
-------------------------+-------+-------+-------+-------++-------
Melee: Unarmed           |   183 |   260 |   303 |    88 ||   834
       Kick              |     3 |     5 |       |       ||     8
       Headbutt          |     4 |       |       |       ||     4
       Punch             |     1 |       |       |       ||     1
Throw: Stone             |     3 |       |       |       ||     3
 Cast: Beastly Appendage |    13 |     5 |       |       ||    18
       Sticks to Snakes  |     1 |       |       |       ||     1
       Spider Form       |     3 |     9 |     5 |     2 ||    19
       Ice Form          |       |       |     6 |     1 ||     7
 Abil: End Transformatio |       |       |     4 |       ||     4
  Use: Scroll            |       |     6 |       |       ||     6
       Potion            |       |     1 |       |       ||     1
  Eat: Chunk             |     2 |     8 |     7 |     2 ||    19
       Ration            |       |       |     1 |       ||     1
Armor: Skin              |    44 |    21 |    17 |    11 ||    93
Dodge: Dodged            |   147 |   187 |   214 |    36 ||   584
Block: Other             |    43 |    56 |    69 |    13 ||   181
